 Dungeon Crawl Stone Soup version 0.31-a0-995-g04711c9635 (console) character file.

Game seed: 18436642710698203767

5212 nht the Grappler (level 10, -7/94 HPs)
             Began as a Troll Fighter on Nov 6, 2023.
             Was a Believer of Okawaru.
             Mangled by a centaur warrior
             ... wielding a +0 quarterstaff
              (18 damage)
             ... on level 8 of the Dungeon.
             The game lasted 00:14:29 (7227 turns).

nht the Grappler (Troll Fighter)                    Turns: 7227, Time: 00:14:30

Health: -7/94      AC:  5    Str: 32    XL:     10   Next: 35%
Magic:  10/11      EV:  9    Int:  8    God:    Okawaru [**....]
Gold:   734        SH:  8    Dex:  9    Spells: 9/9 levels left

rFire   . .          .
                       - Unarmed
rCold   . . .        b - +0 kite shield
rNeg    . . .        s - +1 robe of the Learner {rPois Stlth+}
rPois   +            (helmet restricted)
rElec   .            (no cloak)
rCorr   .            (gloves unavailable)
SInv    .            (boots unavailable)
Will    +....        (no amulet)
Stlth   ++           p - +6 ring of strength
HPRegen 1.15/turn    B - ring of willpower
MPRegen 0.12/turn

%: no passive effects
@: on berserk cooldown, slowed, very slow
A: large, unfitting armour, claws 3, regeneration 1, shaggy fur 1, tough skin 1,
devolution 1
a: Renounce Religion, Heroism


You were on level 8 of the Dungeon.
You worshipped Okawaru.
Okawaru was pleased with you.
You visited 1 branch of the dungeon, and saw 8 of its levels.
You also visited: Ossuary.

You collected 734 gold pieces.

Inventory:

Missiles
 d - 8 poisoned darts (quivered)
 E - 2 boomerangs
 J - 3 throwing nets
Armour
 a - a +0 robe
 b - a +0 kite shield (worn)
 s - the +1 robe of the Learner (worn) {rPois Stlth+}
   (You found it on level 4 of the Dungeon)

   rPois:     It protects you from poison Stlth+: It makes you more stealthy.
 I - a +2 robe of willpower
Jewellery
 p - a +6 ring of strength (left claw)
 B - a ring of willpower (right claw)
Talismans
 o - a beast talisman
Wands
 r - a wand of polymorph (13)
 C - a wand of mindburst (9)
 D - a wand of paralysis (4)
Scrolls
 e - 4 scrolls of immolation
 g - 3 scrolls of brand weapon
 j - 2 scrolls of teleportation
 l - 3 scrolls of revelation
 u - 2 scrolls of torment
 v - 2 scrolls of enchant armour {unknown}
 w - 2 scrolls of fear {unknown}
 y - 2 scrolls of amnesia {unknown}
 F - 2 scrolls of fog {unknown}
 G - a scroll of silence {unknown}
 K - a scroll of identify
Potions
 c - a potion of might
 f - 5 potions of attraction
 h - 3 potions of haste
 i - a potion of invisibility
 k - 3 potions of resistance
 m - 2 potions of enlightenment
 n - 6 potions of curing
 q - 2 potions of lignification
 x - a potion of heal wounds
 z - a potion of mutation
 A - a potion of degeneration {unknown}
 H - a potion of brilliance {unknown}


   Skills:
 + Level 4.9 Fighting
 + Level 4.5 Throwing
 - Level 2.4 Dodging
 + Level 5.4 Shields
 * Level 12.2 Unarmed Combat
 + Level 2.8 Invocations


You had 9 spell levels left.
You didn't know any spells.
Your spell library contained the following spells:

 Spells                   Type           Power      Damage    Failure   Level
 Apportation              Tloc           0%         N/A       58%         1
 Magic Dart               Conj           0%         1d3       58%         1
 Necrotise                Necr           0%         1d4       58%         1
 Sandblast                Erth           0%         2d4       58%         1
 Blink                    Tloc           0%         N/A       75%         2
 Ensorcelled Hibernation  Hex/Ice        0%         N/A       75%         2
 Lesser Beckoning         Tloc           0%         N/A       75%         2
 Momentum Strike          Conj/Tloc      0%         3d8       75%         2
 Passwall                 Tmut/Erth      0%         N/A       75%         2
 Searing Ray              Conj           0%         2d4       75%         2
 Static Discharge         Conj/Air       0%         3-3/arc   75%         2
 Stone Arrow              Conj/Erth      0%         3d7       92%         3
 Swiftness                Air            0%         N/A       92%         3
 Airstrike                Air            0%         2d(0-16)  100%        4
 Brom's Barrelling Bould  Conj/Erth      0%         2d3       100%        4
 Fulminant Prism          Conj/Hex       0%         3d5       100%        4
 Petrify                  Tmut/Erth      0%         N/A       100%        4
 Summon Small Mammal      Summ           Unusable   N/A       N/A         1
 Call Imp                 Summ           Unusable   N/A       N/A         2
 Summon Lightning Spire   Summ/Air       Unusable   N/A       N/A         4
 Summon Mana Viper        Hex/Summ       Unusable   N/A       N/A         5
 Summon Horrible Things   Summ           Unusable   N/A       N/A         8

Dungeon Overview and Level Annotations

Branches:
Dungeon (8/15)             Temple (0/1) D:6         Ossuary (visited)
   Lair: D:8-11

Altars:
Okawaru
Xom
Yredelemnul


Innate Abilities, Weirdness & Mutations

You are too large for most types of armour.
You have claws for hands.
Your natural rate of healing is unusually fast.
You are covered in fur. (AC +1)
You have tough skin. (AC +1)
You have hidden genetic defects.


Message History

The cyclops is severely wounded.
The cyclops hits you!!
* * * LOW HITPOINT WARNING * * *
You eviscerate the cyclops!!!
You kill the cyclops!
Okawaru accepts your kill.
The centaur warrior unwields a +0 quarterstaff.
The centaur warrior wields a +0 orcbow.
The centaur warrior shoots an arrow.
The arrow hits you!!
* * * LOW HITPOINT WARNING * * *
You barely miss the howler monkey. You claw the howler monkey!
The howler monkey is severely wounded.
The howler monkey hoots and howls with incredible vigour!
You barely miss the howler monkey.
The howler monkey is severely wounded.
The howler monkey hits you.
* * * LOW HITPOINT WARNING * * *
You eviscerate the howler monkey!!!
You kill the howler monkey!
Okawaru accepts your kill.
The centaur warrior unwields a +0 orcbow.
The centaur warrior wields a +0 quarterstaff.
The centaur warrior completely misses you.
You block the centaur warrior's attack.
Things that are here:
3 large rocks; a howler monkey corpse; a cyclops corpse You mangle the centaur warrior!!
The centaur warrior is heavily wounded.
You are no longer berserk.
You are exhausted.
You feel yourself slow down.
The centaur warrior completely misses you.
The centaur warrior barely misses you.
You closely miss the centaur warrior.
The centaur warrior is heavily wounded.
The centaur warrior hits you with a +0 quarterstaff.
* * * LOW HITPOINT WARNING * * *
The centaur warrior kicks you but does no damage.
The centaur warrior hits you with a +0 quarterstaff!!
You die...

.......█,,██..C.....██..███.██ █.
......██,██..██████..██.██..█ █.
......█,,█..██.§≈§██..█..█.██ ██
......█^██.██.C§§..██..█.█.█ ██
....███,█..█..█>c█.,█..█.███ ██.
...██ *,█..█..█?.█.,█..█[█ █..
...█ *,██^█..Jh...██.██.█ ██..
█..████,,█..██,~,,██..█..█ ██...
██..█.██,██$.██████..██..████....
█.....█,,██........██..█..█....█
██....██,,██.8c@8.██..███......█
█......█,..█████†██...█ ██....██
██......██............██ ███...█
█........█............████....███
█........██.....^....███........█
███.......██........██...........
████.....██████████............
██.██......█ ██............
███████..██████.█ ██.............
████████.██ ███ █..............
██...████.██ █..............


You could see a centaur warrior.

Vanquished Creatures
  Erica (D:8)
  A cyclops (D:8)
  Jeremiah (D:7)
  2 hornets (D:8)
  A wyvern (D:8)
  Eustachio (D:5)
  2 steam dragons
  3 water moccasins
  An ice beast (D:8)
  2 black bears
  2 sky beasts
  An ogre (D:5)
  3 centaurs (D:7)
  2 bullfrogs
  4 gnoll sergeants
  2 scorpions
  A wight (D:8)
  8 killer bees
  A howler monkey (D:8)
  3 hounds
  5 jellies
  A gnoll bouda (D:7)
  An orc priest (D:6)
  4 iguanas
  3 sleepcaps
  3 human zombies (Ossuary)
  3 orc wizards (D:5)
  2 mummies (Ossuary)
  5 gnolls (D:8)
  7 adders
  A shadow imp (D:6)
  2 white imps
  2 adder zombies (Ossuary)
  A worm (D:2)
  2 dart slugs
  21 orcs
  7 bats
  8 endoplasms
  2 giant cockroaches
  7 goblins
  6 hobgoblins
  11 jackals
  5 quokkas
  10 ball pythons
  5 frilled lizards
  12 hobgoblin zombies (Ossuary)
  3 jackal zombies (Ossuary)
  9 kobolds
  10 kobold zombies (Ossuary)
  5 orc zombies (Ossuary)
  6 rats
  2 rat zombies (Ossuary)
213 creatures vanquished.

Notes
Turn   | Place    | Note
-------+----------+-------------------------------------------
     0 | D:1      | nht the Troll Fighter began the quest for the Orb.
     0 | D:1      | Reached XP level 1. HP: 22/22 MP: 0/0
   102 | D:1      | Reached XP level 2. HP: 29/29 MP: 1/1
   376 | D:1      | Reached skill level 3 in Unarmed Combat
   571 | D:1      | Reached XP level 3. HP: 36/36 MP: 2/2
  1240 | D:2      | Identified the +1 robe of Purpose {Dex+2}
  1305 | D:2      | Reached skill level 4 in Unarmed Combat
  1434 | D:2      | Reached XP level 4. HP: 44/44 MP: 3/3
  2773 | D:4      | Identified the +1 robe of the Learner {rPois Stlth+}
  2791 | D:5      | Entered Level 5 of the Dungeon
  2799 | D:5      | Found a sand-covered staircase.
  2807 | D:5      | Reached skill level 5 in Unarmed Combat
  2810 | Ossuary  | Entered an ossuary
  2883 | Ossuary  | Reached XP level 5. HP: 50/50 MP: 4/4
  2945 | Ossuary  | Reached skill level 6 in Unarmed Combat
  2970 | Ossuary  | Reached XP level 6. HP: 55/59 MP: 5/5
  3120 | D:5      | Reached skill level 7 in Unarmed Combat
  3245 | D:4      | Reached XP level 7. HP: 50/66 MP: 6/6
  3392 | D:4      | Reached skill level 8 in Unarmed Combat
  3651 | D:5      | Noticed Eustachio
  3678 | D:5      | Killed Eustachio
  3679 | D:5      | Reached skill level 9 in Unarmed Combat
  3816 | D:5      | Reached XP level 8. HP: 66/74 MP: 7/7
  3990 | D:5      | Found a basalt altar of Yredelemnul.
  3990 | D:5      | Found a shimmering altar of Xom.
  4234 | D:6      | Reached skill level 10 in Unarmed Combat
  4317 | D:6      | Found a staircase to the Ecumenical Temple.
  4651 | D:6      | Reached skill level 1 in Throwing
  4949 | D:7      | Identified the "Ifikir"
  5301 | D:7      | Noticed Jeremiah
  5333 | D:7      | Found an iron altar of Okawaru.
  5375 | D:7      | Reached XP level 9. HP: 32/80 MP: 8/8
  5444 | D:7      | wtf is this
  5466 | D:7      | Killed Jeremiah
  5532 | D:7      | Reached skill level 11 in Unarmed Combat
  6061 | D:7      | Became a worshipper of Warmaster Okawaru
  6221 | D:8      | Reached skill level 1 in Invocations
  6497 | D:8      | Noticed Erica
  6499 | D:8      | Reached * piety under Okawaru
  6516 | D:8      | Killed Erica
  6517 | D:8      | Reached skill level 5 in Shields
  6517 | D:8      | Reached XP level 10. HP: 19/94 MP: 10/10
  6985 | D:8      | Reached skill level 12 in Unarmed Combat
  7123 | D:8      | Noticed a cyclops
  7123 | D:8      | Noticed a centaur warrior
  7139 | D:8      | Gained mutation: You have hidden genetic defects. [potion
                  | of mutation]
  7182 | D:8      | Reached ** piety under Okawaru
  7220 | D:8      | Killed a cyclops
  7227 | D:8      | Mangled by a centaur warrior

Illustrated notes ...██.█ █...█.██≈ ≈██... ...██.█ █...█..██≈§§██. ...██.████...█...██§§§██ .. ...██........█...b██§≈§ █.. .≈≈██........█.....██ §§██ .≈)██.....████.bb.b.██≈≈≈█ ....█ .≈≈██.....█..█b..bbF.██§≈§██....█ 8..██.....'..█....bbbb██≈≈≈█....█ _8.██.....█..█b..bb..b.█ ≈§≈....█ 8..████████..█'b██████████§≈§...█ █████

█......@█.......█.≈≈...█ ....█
█.......█.......█......█ ....█
█.......█.......'......█ █..████
█████'███████...█......█ █....<█
█...........█...█......█ .....██
█...........█...█......█ .....█
█...........'...█.....██ .....█
█...........█...█.....█ .....█
██......b....█...█.....█
.....████............█...█.....█
.....██.....>........█...█.....█


Turn 5444 on D:7: wtf is this

Levels and vault maps discovered:
D:1:      dpeg_arrival_tiny_k, layout_basic, st_stairs_7
D:2:      layout_basic
D:3:      layout_basic, supply_closet_lemuel, nicolae_hexahallways
D:4:      layout_cave_pools
D:5:      layout_loops_ring, gammafunk_temple_overflow_pools,
          nicolae_ossuary_entry_ruins, amcnicky_mini_rare_corridor_liquid,
          abandoned_shop, minmay_strange_pillars, minmay_misc_feat_enclosed,
          uniq_eustachio
D:6:      layout_basic, minmay_temple_entry_proselytizer, minivault_1
D:7:      layout_gridville, kennysheep_okawaru_gauntlet, st_stairs_4,
          chequers_mini_garden, kennysheep_opposing_triangles, uniq_jeremiah
D:8:      layout_cave_pods, nzn_random_ring, uniq_erica

Skill      XL: |  1  2  3  4  5  6  7  8  9 10 |
---------------+-------------------------------+-----
Unarmed Combat | 3 4 5 6 7 9 10 11 12 | 12.2
Throwing       | 2 4 |  4.5
Shields        | 3 5 |  5.4
Fighting       | 3 4 |  4.9
Invocations    | 2 |  2.8
Dodging        | |  2.4

Action                     |  1- 3 |  4- 6 |  7- 9 | 10-12 || total
---------------------------+-------+-------+-------+-------++-------
  Melee: Unarmed           |   116 |   173 |   215 |    55 ||   559
  Throw: Dart              |       |       |     4 |       ||     4
  Evoke: Wand              |       |       |     4 |       ||     4
    Use: Scroll            |       |     6 |     7 |       ||    13
         Potion            |       |       |     3 |     2 ||     5
   Stab: Sleeping          |     1 |     1 |     3 |     1 ||     6
         Paralysed         |       |       |     1 |       ||     1
 Armour: Robe              |    54 |   105 |   156 |    40 ||   355
  Dodge: Dodged            |    29 |    76 |    58 |    32 ||   195
  Block: Kite shield       |    42 |    66 |    85 |    26 ||   219

Table legend: (Time is in decaauts)
 A = Elapsed time spent in this place.
 B = Non-inter-level travel time spent in this place.
 C = Inter-level travel time spent in this place.
 D = Time resting spent in this place.
 E = Time spent auto-exploring this place.
 F = Levels seen in this place.
 G = Mean time per level.
                   A        B        C        D        E       F      G
               +--------+--------+--------+--------+--------+-----+--------+
         Total |   7223 |   6795 |    428 |      0 |   5375 |   9 |  802.6 |
       Dungeon |   6984 |   6556 |    428 |      0 |   5316 |   8 |  873.0 |
       Ossuary |    238 |    238 |      0 |      0 |     59 |   1 |  238.0 |
               +--------+--------+--------+--------+--------+-----+--------+

Top non-repeatable levels by time:
     D:7: 1180 daAuts
     D:8: 1094 daAuts
     D:1: 1075 daAuts
     D:3: 996 daAuts
     D:6: 806 daAuts
     D:5: 699 daAuts
     D:2: 609 daAuts
     D:4: 522 daAuts
 Ossuary: 238 daAuts
